 Dungeon Sprint DCSS version 0.26-a0-665-gefeb406119 (webtiles) character file.

Game seed: 7494509483750355773

27366 mhtbhm the Sorcerer (level 13, -1/63 HPs)
             Began as a Deep Elf Earth Elementalist on Oct 16, 2020.
             Was the Champion of Vehumet.
             Killed by Olgreb's Toxic Radiance
             ... invoked by a naga ritualist
              (4 damage)
             ... in the Dungeon (Sprint IX: "|||||||||||||||||||||||||||||").
             The game lasted 00:13:58 (5496 turns).

mhtbhm the Sorcerer (Deep Elf Earth Elementalist)   Turns: 5496, Time: 00:13:59

Health: -1/63      AC:  9    Str:  5    XL:     13   Next: 4%
Magic:  30/45      EV: 17    Int: 28    God:    Vehumet [******]
Gold:   1016       SH:  0    Dex: 18    Spells: 28/65 levels left

rFire    + + .     SeeInvis .   q - staff of fire
rCold    + . .     Faith    .   (no shield)
rNeg     . . .     Spirit   .   D - +1 robe {MR+}
rPois    .         Reflect  .   n - +0 helmet
rElec    .         Harm     .   u - +0 cloak
rCorr    .         Rampage  .   v - +2 pair of gloves {Dex+3}
MR       ++...     NoTele   +   E - +0 pair of boots of the Beggar {Int+2} (curse)
Stlth    ++........             (no amulet)
HPRegen  0.20/turn              b - ring of protection from fire
MPRegen  0.29/turn              C - ring of protection from cold

@: lethally poisoned (-1 -> -3)
A: no striking features
a: Renounce Religion


You were in the Dungeon.
You worshipped Vehumet.
Vehumet was exalted by your worship.
You visited 1 branch You collected 1929 gold pieces.
You spent 913 gold pieces at shops.

Inventory:

Missiles
 w - 4 javelins (quivered)
Armour
 n - a +0 helmet (worn)
 u - a +0 cloak (worn)
 v - a +2 pair of gloves of dexterity (worn)
 D - a +1 robe of magic resistance (worn)
 E - the cursed +0 pair of boots of the Beggar (worn) {Int+2}
   (You found it in the Dungeon)

   It affects your intelligence (+2).
   It has a curse placed upon it.
Magical Staves
 q - an uncursed staff of fire (weapon)
Jewellery
 b - a ring of protection from fire (left hand)
 o - a +3 ring of strength
 p - a +3 ring of strength
 B - an uncursed ring of protection from magic
 C - a ring of protection from cold (right hand)
Wands
 l - a wand of acid (3)
Scrolls
 i - 2 scrolls of blinking
 j - 4 scrolls of remove curse
 k - 2 scrolls of amnesia
 m - a scroll of identify
 r - a scroll of fear
 s - 6 scrolls of enchant weapon
 y - 2 scrolls of fog
 F - 2 scrolls of enchant armour
Potions
 a - a potion of invisibility
 c - a potion of stabbing
 d - 9 potions of curing
 e - 4 potions of heal wounds
 f - 4 potions of haste
 g - 5 potions of magic
 h - 3 potions of berserk rage
 t - a potion of flight
 z - a potion of might
 A - 3 potions of brilliance
Miscellaneous
 x - a condenser vane (2/2)


   Skills:
 + Level 6.8 Dodging
 - Level 2.7 Stealth
 + Level 26.6 Spellcasting
 + Level 4.6 Conjurations
 + Level 8.7 Transmutations
 + Level 1.3 Fire Magic
 + Level 22.8 Earth Magic
 + Level 4.2 Evocations


You had 28 spell levels left.
You knew the following spells:

 Your Spells              Type           Power        Failure   Level
a - Sandblast             Erth           ######       0%          1
b - Passwall              Tmut/Erth      #######.     0%          2
c - Stone Arrow           Conj/Erth      ######       0%          3
d - Lee's Rapid Deconstr  Erth           ########..   0%          5
e - Petrify               Tmut/Erth      #######.     0%          4
f - Ignite Poison         Fire/Tmut/Pois ######..     1%          3
g - Fireball              Conj/Fire      ######....   1%          5
h - Iron Shot             Conj/Erth      #######...   1%          6
i - Lehudib's Crystal Sp  Conj/Erth      #######...   4%          8

Your spell library contained the following spells:

 Spells                   Type           Power        Failure   Level


Dungeon Overview and Level Annotations

Branches:
Dungeon (1/1)

Altars:
Cheibriados
Dithmenos
Elyvilon
Fedhas
Gozag
Hepliaklqana
Kikubaaqudgha
Makhleb
Nemelex Xobeh
Okawaru
Qazlal
Ru
Sif Muna
Trog
Uskayaw
Vehumet
Wu Jian
Xom
Yredelemnul
Zin
The Shining One
Beogh
Jiyva
Lugonu

Shops:
D *!}*


Message History

You are more poisoned.
Unknown command.
Casting: Lee's Rapid Deconstruction (safe; 0% risk of failure)
Confirm with . or Enter, or press ? or * to list all spells.
Aiming: Lee's Rapid Deconstruction (safe; 0% risk of failure)
Press: ? - help, Dir - move target cursor, f/p - shock serpent Fragment what (e.g. wall or brittle monster)?: a shock serpent (severely wounded, petrified)
The shock serpent shatters!!
You blow up the shock serpent!
Vehumet accepts your kill.
You feel your power returning.
You have reached level 13!
The blast of petrified fragments hits the naga mage!!!
You kill the naga mage!
Vehumet accepts your kill.
You feel your power returning.
The air sparks with electricity, shocking you!
* * * LOW HITPOINT WARNING * * *
x2 You feel sick.
You die...

▓▓▓▓▓▓▓▓▓▓▓▓▓▓▓▓▓▓
<▓...▓...▓...▓...▓
.▓.▓.▓)▓.▓.▓.▓.▓.▓
.▓.▓.▓.▓.▓.▓.▓.▓.▓
.▓.▓.▓)▓.▓.▓.▓.▓.▓
÷▓.▓.▓.▓.▓.▓.▓.▓.▓
)▓.▓.▓.▓)▓.▓.▓.▓.▓
.▓.▓.▓.▓.▓.▓.▓.▓.▓
.▓.▓'▓.▓)▓.▓.▓.▓@▓
.▓.▓.▓.▓.▓.▓.▓.▓.▓
÷▓.▓.▓.▓.▓.▓'▓.▓.▓
'▓.▓.▓.▓.▓.▓.▓.▓.▓
)▓.▓.▓.▓)▓.▓.▓.▓)▓
.▓.▓.▓.▓[▓.▓.▓.▓.▓
.▓.▓(▓.▓)▓.▓=▓.▓.▓
.▓.▓.▓.▓)▓.▓.▓.▓N▓
.▓.▓)▓.▓.▓.▓)▓.▓'▓


You could see a naga ritualist (toxic aura).

Vanquished Creatures
  Agnes (D)
  A fire giant (D)
  A very ugly thing (D)
  A stone giant (D)
  An ettin (D)
  3 ogre magi (D)
  A boulder beetle (D)
  3 hydras (D)
  2 tengu warriors (D)
  A shock serpent (D)
  Urug (D)
  An orc high priest (D)
  An unseen horror (D)
  4 deep trolls (D)
  3 orc knights (D)
  A deep elf mage (D)
  An ugly thing (D)
  A cyclops (D)
  2 naga magi (D)
  2 black mambas (D)
  5 cane toads (D)
  A rime drake (D)
  A komodo dragon (D)
  A tengu conjurer (D)
  7 trolls (D)
  A slime creature (D)
  6 blink frogs (D)
  A yak (shapeshifter) (D)
  3 yaks (D)
  A shadow (D)
  A basilisk (D)
  A vampire mosquito (D)
  A water moccasin (D)
  3 sky beasts (D)
  7 orc warriors (D)
  A wolf (D)
  A centaur (D)
  3 bullfrogs (D)
  A scorpion (D)
  A hound (D)
  6 orc priests (D)
  3 orc wizards (D)
  2 worker ants (D)
  A shadow imp (D)
  A white imp (D)
  An adder skeleton (D)
  A dart slug (D)
  A leopard gecko (D)
  6 orcs (D)
  A bat skeleton (D)
  A giant cockroach (D)
  2 hobgoblins (D)
  A bat (D)
106 creatures vanquished.

Notes
Turn   | Place    | Note
-------+----------+-------------------------------------------
     0 | D        | mhtbhm the Deep Elf Earth Elementalist began the quest for
                  | the Orb.
     0 | D        | Reached XP level 1. HP: 10/10 MP: 6/6
    36 | D        | Banished a spatial maelstrom
    87 | D        | Noticed a hound
    87 | D        | Noticed a worker ant
    87 | D        | Noticed a sky beast
    89 | D        | Killed a hound
    89 | D        | Reached skill level 5 in Spellcasting
    89 | D        | Reached XP level 2. HP: 15/15 MP: 6/10
    89 | D        | Reached XP level 3. HP: 19/19 MP: 6/11
    94 | D        | Reached skill level 6 in Spellcasting
   177 | D        | Learned a level 2 spell: Passwall
   181 | D        | Learned a level 3 spell: Stone Arrow
   189 | D        | Killed a sky beast
   189 | D        | Reached skill level 8 in Spellcasting
   189 | D        | Reached XP level 4. HP: 5/24 MP: 1/16
   189 | D        | Reached XP level 5. HP: 5/28 MP: 1/17
   296 | D        | Learned a level 5 spell: Lee's Rapid Deconstruction
   301 | D        | Learned a level 4 spell: Petrify
   307 | D        | Found a roughly hewn altar of Beogh.
   307 | D        | Found a snail-covered altar of Cheibriados.
   307 | D        | Found a shadowy altar of Dithmenos.
   307 | D        | Found a white marble altar of Elyvilon.
   307 | D        | Found a blossoming altar of Fedhas.
   307 | D        | Found an opulent altar of Gozag.
   308 | D        | Found a hazy altar of Hepliaklqana.
   309 | D        | Found a viscous altar of Jiyva.
   310 | D        | Found an ancient bone altar of Kikubaaqudgha.
   311 | D        | Found a corrupted altar of Lugonu.
   312 | D        | Found a burning altar of Makhleb.
   313 | D        | Found a sparkling altar of Nemelex Xobeh.
   314 | D        | Found an iron altar of Okawaru.
   315 | D        | Found a stormy altar of Qazlal.
   316 | D        | Found a sacrificial altar of Ru.
   317 | D        | Found a shimmering blue altar of Sif Muna.
   318 | D        | Found a bloodstained altar of Trog.
   319 | D        | Found a hide-covered altar of Uskayaw.
   320 | D        | Found a radiant altar of Vehumet.
   321 | D        | Found an ornate altar of the Wu Jian Council.
   322 | D        | Found a shimmering altar of Xom.
   323 | D        | Found a basalt altar of Yredelemnul.
   324 | D        | Found a glowing silver altar of Zin.
   325 | D        | Found a glowing golden altar of the Shining One.
   328 | D        | Became a worshipper of Vehumet
   464 | D        | Noticed a centaur
   464 | D        | Noticed a sky beast
   464 | D        | Noticed a sky beast
   471 | D        | Killed a sky beast
   471 | D        | Reached skill level 5 in Dodging
   471 | D        | Reached skill level 9 in Spellcasting
   471 | D        | Reached skill level 10 in Earth Magic
   477 | D        | Killed a centaur
   477 | D        | Reached skill level 10 in Spellcasting
   477 | D        | Reached XP level 6. HP: 32/32 MP: 4/21
   477 | D        | Reached * piety under Vehumet
   477 | D        | Offered knowledge of Foxfire by Vehumet.
   482 | D        | Killed a sky beast
   482 | D        | Reached ** piety under Vehumet
   482 | D        | Reached skill level 11 in Spellcasting
   742 | D        | Noticed a deep elf mage
   742 | D        | Noticed a boulder beetle
   742 | D        | Noticed a seven-headed hydra
   745 | D        | Offered knowledge of Magic Dart by Vehumet.
   745 | D        | Reached skill level 12 in Spellcasting
   748 | D        | Noticed a jumping spider
   748 | D        | Killed a deep elf mage
   748 | D        | Reached skill level 13 in Spellcasting
   748 | D        | Reached XP level 7. HP: 36/36 MP: 5/26
   960 | D        | Offered knowledge of Ignite Poison by Vehumet.
   960 | D        | Reached skill level 14 in Spellcasting
  1050 | D        | Killed a boulder beetle
  1050 | D        | Reached *** piety under Vehumet
  1050 | D        | Reached skill level 15 in Spellcasting
  1050 | D        | Reached skill level 1 in Evocations
  1050 | D        | Reached XP level 8. HP: 9/41 MP: 4/29
  1050 | D        | Killed a seven-headed hydra
  1050 | D        | Reached skill level 16 in Spellcasting
  1050 | D        | Reached skill level 15 in Earth Magic
  1050 | D        | Reached XP level 9. HP: 10/45 MP: 6/31
  1435 | D        | Learned a level 3 spell: Ignite Poison
  1435 | D        | Noticed a komodo dragon
  1435 | D        | Noticed a cane toad
  1438 | D        | Offered knowledge of Static Discharge by Vehumet.
  1438 | D        | Reached skill level 17 in Spellcasting
  1438 | D        | Killed a komodo dragon
  1438 | D        | Reached **** piety under Vehumet
  1438 | D        | Reached skill level 5 in Transmutations
  1443 | D        | Killed a cane toad
  1443 | D        | Noticed a cane toad
  1444 | D        | Reached skill level 18 in Spellcasting
  1541 | D        | Killed a cane toad
  1541 | D        | Reached ***** piety under Vehumet
  1662 | D        | Noticed a black mamba
  1662 | D        | Noticed a rime drake
  1662 | D        | Noticed a seven-headed hydra
  1665 | D        | Killed a rime drake
  1665 | D        | Offered knowledge of Inner Flame by Vehumet.
  1665 | D        | Reached XP level 10. HP: 32/50 MP: 25/34
  1665 | D        | Killed a black mamba
  1665 | D        | Reached skill level 19 in Spellcasting
  1666 | D        | Noticed a six-headed hydra
  1668 | D        | Noticed a black mamba
  1671 | D        | Killed a seven-headed hydra
  1672 | D        | Killed a six-headed hydra
  1672 | D        | Reached skill level 20 in Spellcasting
  1674 | D        | Killed a black mamba
  1674 | D        | Reached ****** piety under Vehumet
  1952 | D        | Offered knowledge of Hailstorm by Vehumet.
  1952 | D        | Reached skill level 1 in Conjurations
  2121 | D        | Noticed a cane toad
  2121 | D        | Noticed a cane toad
  2125 | D        | Noticed a cane toad
  2127 | D        | Reached skill level 21 in Spellcasting
  2128 | D        | Killed a cane toad
  2128 | D        | Killed a cane toad
  2128 | D        | Reached XP level 11. HP: 54/54 MP: 18/38
  2235 | D        | Offered knowledge of Orb of Destruction by Vehumet.
  2335 | D        | Noticed Urug
  2340 | D        | Killed Urug
  2468 | D        | Offered knowledge of Fireball by Vehumet.
  2469 | D        | Reached skill level 22 in Spellcasting
  2689 | D        | Learned a level 5 spell: Fireball
  2689 | D        | Noticed an orc high priest
  2689 | D        | Noticed an orc knight
  2698 | D        | Killed an orc high priest
  2872 | D        | Killed an orc knight
  3045 | D        | Offered knowledge of Iskenderun's Battlesphere by Vehumet.
  3062 | D        | Noticed an orc knight
  3068 | D        | Killed an orc knight
  3248 | D        | Noticed an orc knight
  3258 | D        | Killed an orc knight
  3487 | D        | Found Kaniofy's General Store.
  3487 | D        | Noticed a deep troll
  3487 | D        | Noticed a deep troll
  3487 | D        | Noticed an ogre mage
  3487 | D        | Noticed an ettin
  3494 | D        | Killed a deep troll
  3494 | D        | Reached skill level 23 in Spellcasting
  3494 | D        | Killed a deep troll
  3496 | D        | Noticed a deep troll
  3504 | D        | Noticed a deep troll
  3505 | D        | Killed an ogre mage
  3505 | D        | Offered knowledge of Bolt of Magma by Vehumet.
  3604 | D        | Killed a deep troll
  3605 | D        | Killed an ettin
  3605 | D        | Reached skill level 24 in Spellcasting
  3608 | D        | Killed a deep troll
  3608 | D        | Reached XP level 12. HP: 59/59 MP: 6/42
  4163 | D        | Found Arrazxab's Distillery.
  4167 | D        | Found Plog's Gadget Emporium.
  4171 | D        | Found Asegey Retha's Assorted Antiques.
  4174 | D        | Noticed an ogre mage
  4176 | D        | Noticed an ogre mage
  4182 | D        | Killed an ogre mage
  4186 | D        | Killed an ogre mage
  4187 | D        | Offered knowledge of Iron Shot by Vehumet.
  4307 | D        | Bought a condenser vane (2/2) for 220 gold pieces
  4313 | D        | Bought a potion of magic for 88 gold pieces
  4313 | D        | Bought a potion of curing for 33 gold pieces
  4321 | D        | Bought a fizzy grey potion for 23 gold pieces
  4321 | D        | Bought 2 orange potions for 46 gold pieces
  4321 | D        | Bought a scroll labeled YNAN BEDWE for 26 gold pieces
  4321 | D        | Bought a scroll labeled UFIURA AGITAWA for 26 gold pieces
  4321 | D        | Bought a potion of curing for 78 gold pieces
  4321 | D        | Bought a shiny wooden ring for 130 gold pieces
  4328 | D        | Bought a scroll of identify for 26 gold pieces
  4328 | D        | Bought a +1 robe of magic resistance for 165 gold pieces
  4328 | D        | Bought a potion of brilliance for 52 gold pieces
  4460 | D        | Got the cursed +0 pair of boots of the Beggar {Int+2}
  4532 | D        | Learned a level 6 spell: Iron Shot
  4554 | D        | Reached skill level 25 in Spellcasting
  4568 | D        | Noticed a fire giant
  4724 | D        | Killed a fire giant
  4724 | D        | Offered knowledge of Lehudib's Crystal Spear by Vehumet.
  4842 | D        | Noticed a red very ugly thing
  4848 | D        | Killed a red very ugly thing
  4927 | D        | Noticed a tengu warrior
  4936 | D        | Killed a tengu warrior
  5101 | D        | Noticed a stone giant
  5102 | D        | Noticed a tengu warrior
  5111 | D        | Killed a tengu warrior
  5113 | D        | Killed a stone giant
  5113 | D        | Reached skill level 26 in Spellcasting
  5206 | D        | Learned a level 8 spell: Lehudib's Crystal Spear
  5345 | D        | Noticed Agnes
  5356 | D        | Killed Agnes
  5492 | D        | Reached skill level 1 in Fire Magic
  5496 | D        | Reached XP level 13. HP: 21/63 MP: 26/45
  5496 | D        | HP: 3/63 [poisoned by a naga ritualist (toxic radiance)]
  5496 | D        | Killed from afar by a naga ritualist

Illustrated notes

Levels and vault maps discovered:
D:        linesprint [early_d, line_temple, items_1, d_10, items_2, lair_1,
          lair_end, items_3, orc_1, orc_end, items_4, d_15, swamp_1, shoals_1,
          snake_1, spider_1, d_20, vaults_1, items_5, swamp_end, shoals_end,
          snake_end, spider_end, vaults_end, d_27, items_6, zot_1, zot_end,
          crypt_end, forest_end, elf_end, slime_end, tomb_end, abyss_end,
          pan_hell_end]

Skill      XL: |  1  2  3  4  5  6  7  8  9 10 11 12 |
---------------+-------------------------------------+-----
Earth Magic    | 6 9 10 13 14 15 16 18 20 22 | 22.8
Dodging        | 3 4 5 6 |  6.8
Spellcasting   | 5 8 10 13 15 16 18 21 24 26 | 26.6
Transmutations | 2 3 4 5 6 8 |  8.7
Evocations     | 1 2 3 4 |  4.2
Conjurations   | 1 3 4 |  4.6
Fire Magic     | 1 |  1.3
Stealth        | |  2.7

Action                   |  1- 3 |  4- 6 |  7- 9 | 10-12 | 13-15 || total
-------------------------+-------+-------+-------+-------+-------++-------
Melee: Unarmed           |     2 |       |       |       |       ||     2
       Staff             |       |       |       |     1 |       ||     1
 Cast: Sandblast         |    18 |     4 |     7 |     1 |       ||    30
       Stone Arrow       |     2 |       |     1 |    18 |       ||    21
       Lee's Rapid Decon |       |     4 |    15 |    97 |     1 ||   117
       Petrify           |       |     1 |     4 |    32 |       ||    37
       Iron Shot         |       |       |       |     4 |       ||     4
       Fireball          |       |       |       |     3 |       ||     3
Evoke: Wand              |       |     1 |     4 |     2 |       ||     7
       Condenser vane    |       |       |       |     2 |       ||     2
  Use: Scroll            |       |       |     1 |     2 |       ||     3
       Potion            |       |       |       |     1 |       ||     1
Armor: Robe              |     2 |     1 |       |     2 |       ||     5
Dodge: Dodged            |     7 |     4 |     9 |    25 |       ||    45

Table legend: (Time is in decaauts)
 A = Elapsed time spent in this place.
 B = Non-inter-level travel time spent in this place.
 C = Inter-level travel time spent in this place.
 D = Time resting spent in this place.
 E = Time spent auto-exploring this place.
 F = Levels seen in this place.
 G = Mean time per level.
                   A        B        C        D        E       F      G
               +--------+--------+--------+--------+--------+-----+--------+
         Total |   5492 |   5492 |      0 |   3754 |    557 |   1 | 5492.0 |
       Dungeon |   5492 |   5492 |      0 |   3754 |    557 |   1 | 5492.0 |
               +--------+--------+--------+--------+--------+-----+--------+

Top non-repeatable levels by time:
       D: 5492 daAuts
